 Dungeon Crawl Stone Soup version 0.27-a0-1196-g3e9cee4cb2 (webtiles) character file.

Game seed: 11200271456793078401

1870 Kold the Fruitful (level 8, -1/81 HPs)
             Began as a Demonspawn Wanderer on May 27, 2021.
             Was a Priest of Fedhas.
             Slain by a killer bee (4 damage)
             ... on level 7 of the Dungeon.
             The game lasted 00:14:56 (6946 turns).

Kold the Fruitful (Demonspawn Wanderer)             Turns: 6946, Time: 00:14:58

Health: -1/81      AC: 24    Str: 13 (15) XL:     8   Next: 90%
Magic:  13/13      EV:  2    Int: 12 (15) God:    Fedhas [***...]
Gold:   381        SH:  0    Dex: 17 (20) Spells: 5/9 levels left

rFire    . . .     SeeInvis .   h - +7 scimitar "Pendulum" {vamp, Dex+9}
rCold    + . .     Faith    .   (no shield)
rNeg     + + +     Spirit   .   (armour currently unavailable)
rPois    +         Reflect  .   (helmet currently unavailable)
rElec    .         Harm     .   (cloak currently unavailable)
rCorr    .         Rampage  .   (gloves currently unavailable)
Will     .....     NoTele   +   (boots currently unavailable)
Stlth    ++........             (no amulet)
HPRegen  0.23/turn              g - ring of wizardry
MPRegen  0.13/turn              c - ring of protection from cold

@: lethally poisoned (-1 -> -6), tree-form, weak-willed, attractive
A: stationary, stasis, torment immunity, boosted hp, (icy blue scales 2),
demonic guardian 1, foul stench 1
a: Renounce Religion, Wall of Briars, Grow Ballistomycete


You were on level 7 of the Dungeon.
You worshipped Fedhas.
Fedhas was most pleased with you.
You were a tree.
You visited 1 branch of the dungeon, and saw 7 of its levels.

You collected 381 gold pieces.

Inventory:

Hand Weapons
 h - the +7 scimitar "Pendulum" (weapon) {vamp, Dex+9}
   (You acquired it on level 1 of the Dungeon)

   It inflicts no extra harm, but heals its wielder when it wounds a living foe.
   It affects your dexterity (+9).
Armour
 d - a +2 scale mail (melded)
 j - a +1 cloak (melded)
Jewellery
 b - a ring of magical power
 c - a ring of protection from cold (right branch)
 g - a ring of wizardry (left branch)
 q - a ring of protection from fire
Wands
 u - a wand of mindburst (16)
Scrolls
 l - 7 scrolls of identify
Potions
 e - a potion of magic
 f - a potion of ambrosia
 m - a potion of brilliance
 n - 2 potions of flight
 t - a potion of resistance {unknown}


   Skills:
 - Level 1.1 Fighting
 + Level 7.2 Long Blades
 - Level 1.7 Maces & Flails
 - Level 1.0 Throwing
 - Level 1.1 Armour
 - Level 1.1 Spellcasting
 - Level 6.0 Ice Magic
 + Level 7.7 Invocations
 - Level 1.1 Evocations


You had 5 spell levels left.
You knew the following spells:

 Your Spells              Type           Power      Damage    Failure   Level
a - Freeze                Ice            60%        1d8       1%          1
b - Ozocubu's Armour      Ice            15%        N/A       3%          3

Your spell library contained the following spells:

 Spells                   Type           Power      Damage    Failure   Level
 Magic Dart               Conj           0%         1d3       12%         1
 Searing Ray              Conj           0%         3d3       17%         2
 Dazzling Flash           Conj/Hex       0%         N/A       32%         3
 Cause Fear               Hex            0%         N/A       71%         4
 Fulminant Prism          Conj/Hex       0%         3d6       71%         4
 Iskenderun's Mystic Bla  Conj/Tloc      0%         2d3       71%         4
 Silence                  Hex/Air        0%         N/A       96%         5
 Yara's Violent Unravell  Hex/Tmut       0%         3d3       96%         5
 Discord                  Hex            0%         N/A       100%        8


Dungeon Overview and Level Annotations

Branches:
Dungeon (7/15)             Temple (0/1) D:4

Altars:
Ashenzari
Elyvilon
Fedhas
Gozag
Wu Jian
Zin
The Shining One

Shops:
D:6 *


Innate Abilities, Weirdness & Mutations

You are a tree.
Your roots penetrate the ground, keeping you stationary.
You cannot be teleported.
You are immune to unholy pain and torment.
Your maximum health is greatly increased.
Your equipment is partially melded.
((You are mostly covered in icy blue scales. (AC +3)))
A weak demonic guardian rushes to your aid.
You may rarely emit foul miasma when damaged in melee.


Message History

The killer bee misses you.
It was a potion of attraction.
You feel attractive to monsters. The killer bee stings you!
* * * LOW HITPOINT WARNING * * *
The killer bee is engulfed in dark miasma.
The killer bee looks even sicker.
The killer bee stings you but does no damage.
The killer bee closely misses you.
You riposte.
You closely miss the killer bee.
The killer bee is heavily wounded.
It was a potion of ambrosia.
You are confused.
You feel invigorated.
You kill the killer bee!
Fedhas appreciates your contribution to the ecosystem.
The killer bee barely misses you. x3; The killer bee misses you.
Something is pulled toward you!
You feel better.
You feel less invigorated. The killer bee closely misses you.
The killer bee stings you but does no damage.
The killer bee barely misses you. The killer bee stings you.
* * * LOW HITPOINT WARNING * * *
You are lethally poisoned!
The killer bee poisons you! Something hits you but does no damage.
It was a potion of lignification.
You turn into a tree.
Your +1 cloak melds into your body.
Your +2 scale mail melds into your body.
Your roots penetrate the ground.
* * * LOW HITPOINT WARNING * * *
You feel very sick.
The killer bee stings you but does no damage. x4
It was a potion of degeneration.
There was something very wrong with that liquid.
You feel weakened.
You feel dopey.
You feel clumsy.
* * * LOW HITPOINT WARNING * * *
You feel sick. The killer bee stings you.
* * * LOW HITPOINT WARNING * * *
A demonic guardian appears!
The killer bee stings you.
You die...
Fedhas appreciates your contribution to the ecosystem.

## ###.###
#####y5...#
#.Fyy♣#
##..y.##
#(.≈Zy#
#.?....)#
#.....####
###..## #..
#.. #..


You could see a bullfrog, 5 killer bees, a centaur zombie (weak-willed) and a
friendly shadow imp (summoned).

Vanquished Creatures
  Sigmund (D:2)
  An orc warrior (D:6)
  4 ogres
  A phantom (D:5)
  A scorpion (D:4)
  A water moccasin zombie (D:5)
  2 killer bees
  A bullfrog skeleton (D:5)
  2 centaur zombies
  2 hounds (D:4)
  2 jellies
  6 orc priests
  Natasha (D:2)
  A scorpion zombie (D:5)
  2 iguanas
  3 orc wizards
  A hound zombie (D:5)
  A hound skeleton (D:4)
  A gnoll (D:4)
  12 adders
  A white imp (D:5)
  2 ufetubi
  An adder zombie (D:5)
  2 adder skeletons (D:4)
  3 worms
  6 dart slugs
  23 orcs
  2 bats (D:3)
  An endoplasm (D:1)
  3 giant cockroaches
  3 goblins
  5 hobgoblins
  13 jackals
  4 quokkas
  9 ball pythons
  4 frilled lizards
  7 kobolds
  4 rats
139 creatures vanquished.

Vanquished Creatures (collateral kills)
  An ice beast (D:6)
  A jelly (D:6)
  A bullfrog skeleton (D:6)
  An adder skeleton (D:4)
4 creatures vanquished.

Vanquished Creatures (others)
  A ballistomycete spore (D:5)
1 creature vanquished.

Grand Total: 144 creatures vanquished

Notes
Turn   | Place    | Note
-------+----------+-------------------------------------------
     0 | D:1      | Kold the Demonspawn Wanderer began the quest for the Orb.
     0 | D:1      | Kold set off with the following items: a +0 club, a potion
                  | of curing, a +2 scale mail; and the following spell
                  | memorised: Freeze; and the following spells available to
                  | memorise: Ozocubu's Armour
     0 | D:1      | Reached XP level 1. HP: 15/15 MP: 2/2
   249 | D:1      | Gained mutation: You are partially covered in icy blue
                  | scales. (AC +2) [demonic ancestry]
   249 | D:1      | Reached XP level 2. HP: 20/21 MP: 1/3
   781 | D:1      | Gained mutation: You are mostly covered in icy blue scales.
                  | (AC +3) [demonic ancestry]
   781 | D:1      | Reached XP level 3. HP: 26/26 MP: 0/4
   785 | D:1      | Learned a level 3 spell: Ozocubu's Armour
  1650 | D:2      | Noticed Sigmund
  1698 | D:1      | Identified a scroll of acquirement
  1698 | D:1      | Acquired the +7 scimitar "Pendulum" {vamp, Dex+9}
  2029 | D:2      | Killed Sigmund
  2030 | D:2      | Reached skill level 5 in Ice Magic
  2030 | D:2      | Gained mutation: You may rarely emit foul miasma when
                  | damaged in melee. [demonic ancestry]
  2030 | D:2      | Reached XP level 4. HP: 32/32 MP: 5/5
  2030 | D:2      | Reached XP level 5. HP: 37/37 MP: 6/6
  2240 | D:2      | Noticed Natasha
  2246 | D:2      | Killed Natasha
  2272 | D:2      | Found a faded altar of an unknown god.
  2281 | D:2      | Became a worshipper of Fedhas Madash
  2281 | D:2      | Reached * piety under Fedhas
  2577 | D:3      | Gained mutation: A weak demonic guardian rushes to your
                  | aid. [demonic ancestry]
  2577 | D:3      | Reached XP level 6. HP: 43/43 MP: 7/7
  2792 | D:3      | Reached ** piety under Fedhas
  3220 | D:4      | Found an ornate altar of the Wu Jian Council.
  3220 | D:4      | Found a broken altar of Ashenzari.
  3464 | D:4      | Reached XP level 7. HP: 42/48 MP: 8/8
  3777 | D:4      | Found a staircase to the Ecumenical Temple.
  3833 | D:4      | Reached *** piety under Fedhas
  3947 | D:4      | Found an opulent altar of Gozag.
  4119 | D:4      | Reached skill level 1 in Invocations
  4236 | D:5      | Entered Level 5 of the Dungeon
  4272 | D:5      | Reached skill level 5 in Long Blades
  4759 | D:5      | Reached XP level 8. HP: 35/54 MP: 11/11
  4978 | D:5      | Reached skill level 5 in Invocations
  6010 | D:6      | Found Waqyihes's Elemental Accessories.
  6942 | D:7      | HP: 1/54 [killer bee (7)]
  6946 | D:7      | Slain by a killer bee

Illustrated notes

Levels and vault maps discovered:
D:1:      dpeg_arrival_simpleton_b, layout_basic
D:2:      layout_loops_ring, shapermc_ecumenical_altar_mp_highgroup,
          minmay_misc_feat_x, uniq_natasha, uniq_sigmund
D:3:      layout_rooms, kennysheep_generic_room_8
D:4:      layout_loops_cross, grunt_gozag_statues, jmf_multi_god_temple,
          lemuel_temple_firewalk_b, minmay_misc_feat_roman, cheibrodos_gnoll_hut
D:5:      wad_river_or_something, layout_cave_pools, good_gods_temple_1,
          serial_rivers, chequers_serial_rivers_small_3,
          chequers_serial_rivers_room_a, chequers_serial_rivers_micro_a,
          chequers_serial_rivers_micro_e, chequers_serial_rivers_micro_d,
          chequers_serial_rivers_small_3
D:6:      layout_layer_cave, nrook_campfire, hex_large, nicolae_elemental_shop
D:7:      wander_river, layout_cave_pods, enter_bailey_4, minmay_bent

Skill      XL: |  1  2  3  4  5  6  7  8 |
---------------+-------------------------+-----
Ice Magic      | 4 5 6 |  6.0
Long Blades    | 2 4 5 7 |  7.2
Invocations    | 4 7 |  7.7
Fighting       | |  1.1
Maces & Flails | |  1.7
Throwing       | |  1.0
Armour         | |  1.1
Spellcasting   | |  1.1
Evocations     | |  1.1

Action                   |  1- 3 |  4- 6 |  7- 9 || total
-------------------------+-------+-------+-------++-------
Melee: Club              |    77 |       |       ||    77
       Scimitar          |     2 |    87 |   164 ||   253
 Cast: Freeze            |    43 |     8 |     4 ||    55
       Ozocubu's Armour  |       |     3 |     6 ||     9
Invok: Grow Ballistomyce |       |       |     2 ||     2
  Use: Scroll            |     3 |       |    10 ||    13
       Potion            |       |     3 |     8 ||    11
 Stab: Distracted        |       |       |     1 ||     1
Armor: Scale mail        |    70 |    66 |   107 ||   243
       Skin              |       |       |     4 ||     4
Dodge: Dodged            |    70 |    57 |    91 ||   218
       Rpst.: Scimitar   |     2 |    16 |    28 ||    46

Table legend: (Time is in decaauts)
 A = Elapsed time spent in this place.
 B = Non-inter-level travel time spent in this place.
 C = Inter-level travel time spent in this place.
 D = Time resting spent in this place.
 E = Time spent auto-exploring this place.
 F = Levels seen in this place.
 G = Mean time per level.
                   A        B        C        D        E       F      G
               +--------+--------+--------+--------+--------+-----+--------+
         Total |   7015 |   6862 |    153 |   1375 |   4420 |   7 | 1002.1 |
       Dungeon |   7015 |   6862 |    153 |   1375 |   4420 |   7 | 1002.1 |
               +--------+--------+--------+--------+--------+-----+--------+

Top non-repeatable levels by time:
     D:1: 1481 daAuts
     D:5: 1408 daAuts
     D:6: 1265 daAuts
     D:2: 1080 daAuts
     D:4: 947 daAuts
     D:3: 807 daAuts
     D:7: 24 daAuts
